 Dungeon Crawl Stone Soup version 0.30.1-4-g462c640d31 (webtiles) character file.

Game seed: 17585841882928489744

243 Bobit the Chopper (level 6, -2/75 HPs)
             Began as a Gnoll Reaver on Aug 16, 2023.
             Was an Initiate of Vehumet.
             Slain by Blork the orc
             ... wielding a +0 glaive
              (5 damage)
             ... on level 4 of the Dungeon.
             The game lasted 00:05:58 (3253 turns).

Bobit the Chopper (Gnoll Reaver)                    Turns: 3253, Time: 00:05:59

Health: -2/75      AC: 23    Str: 13    XL:     6   Next: 9%
Magic:  14/14      EV:  2    Int: 12    God:    Vehumet [......]
Gold:   343        SH:  0    Dex: 11    Spells: 9/15 levels left

rFire   . . .        a - +0 hand axe
rCold   . . .        (no shield)
rNeg    . . .        t - melded +0 ring mail
rPois   +            q - melded +0 helmet
rElec   .            (cloak currently unavailable)
rCorr   .            (gloves currently unavailable)
SInv    .            s - melded +0 pair of boots
Will    .....        j - amulet of regeneration
Stlth   ++           (no ring)
HPRegen 1.12/turn    (no ring)
MPRegen 0.14/turn

%: no passive effects
@: brilliant, tree-form, hasted, very quick
A: stationary, stasis, torment immunity, boosted hp, (fangs 1), strong nose,
distributed training
a: Renounce Religion


You were on level 4 of the Dungeon.
You worshipped Vehumet.
Vehumet was noncommittal.
You were a tree.
You visited 1 branch of the dungeon, and saw 4 of its levels.

You collected 343 gold pieces.

Inventory:

Hand Weapons
 a - a +0 hand axe (weapon)
Armour
 b - a +0 leather armour
 q - a +0 helmet (melded)
 s - a +0 pair of boots (melded)
 t - a +0 ring mail (melded)
Jewellery
 c - an amulet of faith
 j - an amulet of regeneration (around neck)
 p - a ring of positive energy
Scrolls
 e - 2 scrolls of noise {unknown}
 f - a scroll of fear {unknown}
 i - a scroll of enchant weapon {unknown}
 m - 2 scrolls of torment {unknown}
 r - a scroll of immolation {unknown}
Potions
 d - a potion of might {unknown}
 g - a potion of lignification
 h - 2 potions of brilliance
 k - a potion of cancellation {unknown}
 l - a potion of magic
 o - a potion of curing {unknown}
 u - a potion of flight {unknown}


   Skills:
 + Level 4.9 Fighting
 + Level 1.9 Short Blades
 + Level 1.9 Long Blades
 + Level 6.8 Axes
 + Level 1.9 Maces & Flails
 + Level 1.9 Polearms
 + Level 1.9 Staves
 + Level 1.9 Ranged Weapons
 + Level 1.9 Throwing
 + Level 1.9 Armour
 + Level 4.9 Dodging
 + Level 1.9 Stealth
 + Level 1.9 Shields
 + Level 1.9 Unarmed Combat
 + Level 5.3 Spellcasting
 + Level 5.6 Conjurations
 + Level 1.5 Hexes
 + Level 1.5 Summonings
 + Level 1.5 Necromancy
 + Level 1.5 Translocations
 + Level 1.5 Transmutations
 + Level 1.5 Fire Magic
 + Level 1.5 Ice Magic
 + Level 1.5 Air Magic
 + Level 1.5 Earth Magic
 + Level 1.5 Poison Magic
 + Level 2.1 Invocations
 + Level 1.9 Evocations


You had 9 spell levels left.
You knew the following spells:

 Your Spells              Type           Power      Damage    Failure   Level
a - Kiss of Death         Conj/Necr      68%        2d10      4%          1
b - Momentum Strike       Conj/Tloc      34%        3d8       7%          2
c - Hailstorm             Conj/Ice       17%        3d6       13%         3

Your spell library contained the following spells:

 Spells                   Type           Power      Damage    Failure   Level


Dungeon Overview and Level Annotations

Branches:
Dungeon (4/15)
 Temple: D:4-7

Altars:
Gozag
Vehumet

Annotations:
D:4 Blork the orc, Pikel


Innate Abilities, Weirdness & Mutations

You are a tree.
Your roots penetrate the ground, keeping you stationary.
You cannot be teleported.
You are immune to unholy pain and torment.
Your maximum health is greatly increased.
Your equipment is partially melded.
((You have very sharp teeth.))
Your uncanny sense of smell can sniff out nearby items.
Your experience applies equally to all skills.


Message History

Pikel freezes you. Blork the orc closely misses you.
Blork the orc screams, "You are the ugliest creature I've ever seen!"
Blork the orc closely misses you.
Blork the orc miscasts a cantrip.
Pikel attacks as you move away!
Pikel hits you with a +1 whip of freezing.
Pikel freezes you. Pikel attacks as you move away!
Pikel hits you with a +1 whip of freezing.
Pikel freezes you.
Found a scroll labelled BUSHIFA COIMM.
Blork the orc looks encouraged for a moment.
Blork the orc screams, "I'm going to kill you!"
Blork the orc hits you from afar with a +0 glaive!
* * * LOW HITPOINT WARNING * * *
Blork the orc closely misses you.
You see here a scroll labelled BUSHIFA COIMM.
Pikel attacks as you move away!
Pikel hits you with a +1 whip of freezing.
Pikel freezes you.
* * * LOW HITPOINT WARNING * * *
Blork the orc hits you from afar with a +0 glaive.
* * * LOW HITPOINT WARNING * * *
It was a potion of brilliance.
You feel clever all of a sudden. Pikel barely misses you.
Blork the orc hits you from afar with a +0 glaive!
* * * LOW HITPOINT WARNING * * *
It was a potion of lignification.
You turn into a tree.
Your +0 helmet melds into your body.
Your +0 pair of boots melds into your body.
Your +0 ring mail melds into your body.
Your roots penetrate the ground.
Blork the orc barely misses you. Pikel hits you but does no damage.
Blork the orc hits you from afar with a +0 glaive.
* * * LOW HITPOINT WARNING * * *
It was a potion of magic.
Magic courses through your body. Pikel hits you but does no damage.
Blork the orc hits you but does no damage.
It was a potion of haste.
You feel yourself speed up.
Blork the orc hits you from afar with a +0 glaive.
You die...

..########.#.###........
..'........#.##...######
..##########.##...## ..#
#.#8...8# ..# ##...##
..# #...# ..# ##o?.##
### #8.K.8# ##.♣.##
#...# #...# 8...8
##...## ....# ###.# ##


You could see Pikel and Blork the orc (fast).

Vanquished Creatures
  An ogre (D:4)
  A hound (D:4)
  5 adders
  2 worms (D:3)
  5 dart slugs
  5 orcs
  6 ball pythons
  6 endoplasms
  5 giant cockroaches
  9 hobgoblins
  8 kobolds
  4 quokkas
  3 bats
  A frilled lizard (D:1)
  4 goblins
  3 rats
68 creatures vanquished.

Notes
Turn   | Place    | Note
-------+----------+-------------------------------------------
     0 | D:1      | Bobit the Gnoll Reaver began the quest for the Orb.
     0 | D:1      | Reached XP level 1. HP: 20/20 MP: 6/6
   242 | D:1      | Reached XP level 2. HP: 22/26 MP: 7/7
   500 | D:1      | Reached skill level 5 in Spellcasting
   500 | D:1      | Reached XP level 3. HP: 26/31 MP: 7/9
   530 | D:1      | You fall into a shaft and drop 1 floor!
   712 | D:2      | Reached skill level 1 in Invocations
   780 | D:2      | Reached skill level 1 in Short Blades
   780 | D:2      | Reached skill level 1 in Long Blades
   780 | D:2      | Reached skill level 1 in Maces & Flails
   780 | D:2      | Reached skill level 1 in Polearms
   780 | D:2      | Reached skill level 1 in Staves
   780 | D:2      | Reached skill level 1 in Ranged Weapons
   780 | D:2      | Reached skill level 1 in Throwing
   780 | D:2      | Reached skill level 1 in Armour
   780 | D:2      | Reached skill level 1 in Stealth
   780 | D:2      | Reached skill level 1 in Shields
   780 | D:2      | Reached skill level 1 in Unarmed Combat
   780 | D:2      | Reached skill level 1 in Evocations
   783 | D:2      | Learned a level 2 spell: Momentum Strike
   787 | D:2      | Learned a level 3 spell: Hailstorm
   910 | D:2      | Reached XP level 4. HP: 37/38 MP: 11/11
  1325 | D:3      | Reached skill level 1 in Hexes
  1325 | D:3      | Reached skill level 1 in Summonings
  1325 | D:3      | Reached skill level 1 in Necromancy
  1325 | D:3      | Reached skill level 1 in Translocations
  1325 | D:3      | Reached skill level 1 in Transmutations
  1325 | D:3      | Reached skill level 1 in Fire Magic
  1325 | D:3      | Reached skill level 1 in Ice Magic
  1325 | D:3      | Reached skill level 1 in Air Magic
  1325 | D:3      | Reached skill level 1 in Earth Magic
  1325 | D:3      | Reached skill level 1 in Poison Magic
  2528 | D:1      | Found a faded altar of an unknown god.
  2890 | D:4      | Reached XP level 5. HP: 42/43 MP: 12/12
  2985 | D:4      | Found a large runed translucent door.
  2986 | D:4      | Found a large runed translucent door.
  2996 | D:4      | Found a radiant altar of Vehumet.
  3010 | D:4      | Became a worshipper of Vehumet
  3016 | D:4      | Found an opulent altar of Gozag.
  3036 | D:4      | Noticed an ogre
  3041 | D:4      | Killed an ogre
  3042 | D:4      | Reached XP level 6. HP: 42/50 MP: 10/14
  3221 | D:4      | Noticed Blork the orc
  3224 | D:4      | Noticed Pikel
  3251 | D:4      | HP: 1/75 [Blork the orc/+0 glaive (5)]
  3253 | D:4      | Slain by Blork the orc

Illustrated notes

Levels and vault maps discovered:
D:1:      arrival_zaba_pyramid, layout_loops_ring,
          ebering_ecumenical_altar_hall, st_stairs_14
D:2:      layout_loops_ring
D:3:      layout_basic
D:4:      layout_basic, jmf_multi_god_temple2, serial_corexii_hall,
          corexii_hall_statues_s, corexii_hall_statues_i,
          corexii_hall_statues_u, corexii_hall_statues_l,
          chequers_hall_statues_corner_a, chequers_hall_statues_wall_a,
          corexii_corridor_pit, solitary_fountain, uniq_pikel,
          uniq_blork_the_orc

Skill      XL: |  1  2  3  4  5 |
---------------+----------------+-----
Spellcasting   | 5 |  5.3
Invocations    | 1 2 |  2.1
Short Blades   | 1 |  1.9
Long Blades    | 1 |  1.9
Maces & Flails | 1 |  1.9
Polearms       | 1 |  1.9
Staves         | 1 |  1.9
Ranged Weapons | 1 |  1.9
Throwing       | 1 |  1.9
Armour         | 1 |  1.9
Stealth        | 1 |  1.9
Shields        | 1 |  1.9
Unarmed Combat | 1 |  1.9
Evocations     | 1 |  1.9
Hexes          | 1 |  1.5
Summonings     | 1 |  1.5
Necromancy     | 1 |  1.5
Translocations | 1 |  1.5
Transmutations | 1 |  1.5
Fire Magic     | 1 |  1.5
Ice Magic      | 1 |  1.5
Air Magic      | 1 |  1.5
Earth Magic    | 1 |  1.5
Poison Magic   | 1 |  1.5
Fighting       | |  4.9
Axes           | |  6.8
Dodging        | |  4.9
Conjurations   | |  5.6

Action                     |  1- 3 |  4- 6 || total
---------------------------+-------+-------++-------
  Melee: Hand axe          |   102 |   133 ||   235
         Bite              |     9 |    15 ||    24
         Punch             |       |     3 ||     3
   Cast: Momentum Strike   |       |     5 ||     5
         Hailstorm         |       |     1 ||     1
         Kiss of Death     |       |     1 ||     1
    Use: Potion            |       |     4 ||     4
 Armour: Leather armour    |    22 |    14 ||    36
         Ring mail         |       |    28 ||    28
         Skin              |       |     3 ||     3
  Dodge: Dodged            |    57 |    71 ||   128
